 Dungeon Crawl Stone Soup version 0.32-a0-918-g0f22ef8d61 (webtiles) character file.

Game seed: 4019044983196609895

139 Shayle the Apothecary (level 5, -1/38 HPs)
             Began as a Coglin Alchemist on Apr 10, 2024.
             Slain by Grinder (7 damage)
             ... on level 3 of the Dungeon.
             The game lasted 00:11:33 (2388 turns).

Shayle the Apothecary (Coglin Alchemist)            Turns: 2388, Time: 00:11:34

Health: -1/38      AC:  3    Str:  5    XL:     5   Next: 22%
Magic:  3/8        EV: 12    Int: 16    God:
Gold:   170        SH:  0    Dex: 18    Spells: 4/8 levels left

rFire   . . .        c - +0 dagger {Kannika}
rCold   . . .        d - +0 hand axe {Nhalahla}
rNeg    . . .        a - +0 robe
rPois   .            g - +0 helmet
rElec   .            (no cloak)
rCorr   .            (no gloves)
SInv    .            (no boots)
Will    .....        (amulet unavailable)
Stlth   ++           (ring unavailable)
HPRegen 0.26/turn    (ring unavailable)
MPRegen 0.11/turn    (no gizmo)

%: no passive effects
@: revved
A: off-hand wielding, slow wielding, warmup strikes, no jewellery, agile 1, weak
1
a: Invent Gizmo


You were on level 3 of the Dungeon.
You visited 1 branch of the dungeon, and saw 3 of its levels.

You collected 170 gold pieces.

Inventory:

Hand Weapons
 c - a +0 dagger (weapon) {Kannika}
 d - a +0 hand axe (offhand) {Nhalahla}
Armour
 a - a +0 robe (worn)
 g - a +0 helmet (worn)
Scrolls
 e - a scroll of amnesia {unknown}
 f - 2 scrolls of identify {unknown}
 h - 2 scrolls of fear {unknown}
 i - a scroll of fog {unknown}
 l - a scroll of revelation {unknown}
Potions
 b - a potion of magic
 j - a potion of brilliance
 k - a potion of curing


   Skills:
 + Level 1.8 Fighting
 + Level 2.7 Dodging
 - Level 1.5 Stealth
 + Level 2.4 Spellcasting
 + Level 2.0 Conjurations
 + Level 4.0 Alchemy


You had 4 spell levels left.
You knew the following spells:

 Your Spells              Type           Power      Damage    Failure   Level
a - Sting                 Conj/Alch      44%        1d5       5%          1
b - Mephitic Cloud        Conj/Alch/Air  8%         N/A       26%         3

Your spell library contained the following spells:

 Spells                   Type           Power      Damage    Failure   Level
 Mercury Vapours          Alch/Air       16%        N/A       13%         2
 Freeze                   Ice            4%         1d3       21%         1
 Hailstorm                Conj/Ice       5%         3d5       36%         3
 Olgreb's Toxic Radiance  Alch           14%        N/A       36%         4
 Frozen Ramparts          Ice            2%         1d1       52%         3
 Sticky Flame             Fire/Alch      8%         2d4       65%         4


Dungeon Overview and Level Annotations

Branches:
Dungeon (3/15)

Altars:

Annotations:
D:2 1 runed translucent door, Crazy Yiuf
D:3 Grinder


Innate Abilities, Weirdness & Mutations

You can wield a second weapon in your off-hand.
It takes a long time for you to wield or remove held weapons.
Your first few attacks do less damage.
You cannot equip rings or amulets.
You are agile. (Dex +4, Str/Int -1)
You are weak. (Str -2)


Message History

Grinder gestures at you. Pain shoots through your body!
You hit Grinder with your +0 dagger.
Grinder is severely wounded.
You closely miss Grinder with your +0 hand axe.
Grinder says, "Wait up."
Grinder hits you!
Unknown command.
You closely miss Grinder with your +0 dagger.
Grinder is severely wounded.
You closely miss Grinder with your +0 hand axe.
Grinder hits you but does no damage.
Your magical contamination has completely faded away.
You hit Grinder but do no damage.
Grinder is severely wounded.
You hit Grinder but do no damage. Grinder hits you but does no damage.
You hit Grinder with your +0 dagger.
Grinder is severely wounded.
You closely miss Grinder with your +0 hand axe.
Grinder gestures at you. Pain shoots through your body!
* * * LOW HITPOINT WARNING * * *
Grinder gestures at you. You resist with significant effort.
Okay, then.
It was a potion of curing.
You feel better. Grinder hits you.
* * * LOW HITPOINT WARNING * * *
You writhe in agony.
* * * LOW HITPOINT WARNING * * *
Casting: Sting (safe; 5% risk of failure)
Confirm with . or Enter, or press ? or * to list all spells.
Aiming: Sting (safe; 5% risk of failure)
Press: ? - help, Shift-Dir - straight line, f/p - Grinder
Aim: Grinder (severely wounded, very poisoned, 68% to hit)
The sting hits Grinder but does no damage.
Grinder looks even sicker.
Grinder is severely wounded.
Grinder hits you!
You die...
Grinder says, "Now the real fun starts!"

....... .......
....... ......5 #
....... ## .:.....
.##
.......############
...
........l5@.......#
.#
....########......#
## . #.†....#
######. #......#
....... .#......#
.#..... #........#
....... ##.......#
##..##. #.......#
.# .# #.......###


You could see Grinder (very poisoned) and a frilled lizard.

Vanquished Creatures
  A bombardier beetle (D:3)
  4 adders
  2 dart slugs
  2 ribbon worms
  An orc (D:3)
  7 endoplasms
  2 giant cockroaches
  4 goblins
  7 hobgoblins
  4 jackals (D:2)
  7 kobolds
  A quokka (D:2)
  4 ball pythons
  8 bats
  4 frilled lizards
  4 rats
62 creatures vanquished.

Notes
Turn   | Place    | Note
-------+----------+-------------------------------------------
     0 | D:1      | Shayle the Coglin Alchemist began the quest for the Orb.
     0 | D:1      | Reached XP level 1. HP: 13/13 MP: 3/3
    85 | D:1      | Reached skill level 1 in Conjurations
   187 | D:1      | Reached XP level 2. HP: 20/20 MP: 2/4
   770 | D:2      | Reached XP level 3. HP: 24/25 MP: 3/6
   784 | D:2      | Reached skill level 1 in Fighting
   901 | D:2      | Gained mutation: You are agile. (Dex +4, Str/Int -1)
                  | [potion of mutation]
   901 | D:2      | Gained mutation: You are weak. (Str -2) [potion of
                  | mutation]
  1167 | D:2      | Reached XP level 4. HP: 28/32 MP: 7/7
  1311 | D:2      | Found a runed translucent door.
  1312 | D:2      | Noticed Crazy Yiuf
  1663 | D:1      | Learned a level 3 spell: Mephitic Cloud
  2081 | D:3      | Reached skill level 4 in Alchemy
  2081 | D:3      | Reached XP level 5. HP: 38/38 MP: 0/8
  2341 | D:3      | Noticed Grinder
  2388 | D:3      | Slain by Grinder

Illustrated notes

Levels and vault maps discovered:
D:1:      spicycebolla_arrival_clurvy, layout_rooms
D:2:      wad_river_or_something, layout_basic, minmay_misc_feat_tiny,
          uniq_crazy_yiuf_cottage
D:3:      layout_rooms, uniq_grinder, uniq_natasha

Skill      XL: |  1  2  3  4  5 |
---------------+----------------+-----
Conjurations   | 1 2 |  2.0
Dodging        | 2 |  2.7
Spellcasting   | 2 |  2.4
Fighting       | 1 |  1.8
Alchemy        | 4 |  4.0
Stealth        | |  1.5

Action                     |  1- 3 |  4- 6 || total
---------------------------+-------+-------++-------
  Melee: Hand axe          |    31 |    38 ||    69
         Dagger            |    28 |    39 ||    67
   Cast: Sting             |    40 |    50 ||    90
         Mephitic Cloud    |       |     1 ||     1
    Use: Potion            |     4 |     1 ||     5
   Stab: Confused          |       |     1 ||     1
 Armour: Robe              |    31 |    44 ||    75
  Dodge: Dodged            |    20 |    39 ||    59

Table legend: (Time is in decaauts)
 A = Elapsed time spent in this place.
 B = Non-inter-level travel time spent in this place.
 C = Inter-level travel time spent in this place.
 D = Time resting spent in this place.
 E = Time spent auto-exploring this place.
 F = Levels seen in this place.
 G = Mean time per level.
                   A        B        C        D        E       F      G
               +--------+--------+--------+--------+--------+-----+--------+
         Total |   2402 |   2367 |     35 |    211 |   1533 |   3 |  800.7 |
       Dungeon |   2402 |   2367 |     35 |    211 |   1533 |   3 |  800.7 |
               +--------+--------+--------+--------+--------+-----+--------+

Top non-repeatable levels by time:
     D:2: 1174 daAuts
     D:1: 731 daAuts
     D:3: 495 daAuts
